 Dungeon Crawl Stone Soup version 0.30-a0-141-g30f27751c5 (webtiles) character file.

Game seed: 5431758352207654361

135 qw the Chopper (level 5, -1/32 HPs)
             Began as a Gargoyle Fighter on Sept 25, 2022.
             Slain by Ijyb
             ... wielding a +1 dagger of venom
              (2 damage)
             ... on level 3 of the Dungeon.
             The game lasted 00:00:39 (2407 turns).

qw the Chopper (Gargoyle Fighter)                   Turns: 2407, Time: 00:00:39

Health: -1/32      AC:  0    Str: 22    XL:     5   Next: 18%
Magic:  5/5        EV: 17    Int:  8    God:
Gold:   103        SH:  0    Dex: 14    Spells: 4/4 levels left

rFire   . . .      SeeInvis .    (weapon currently unavailable)
rCold   . . .      Faith    .    (shield currently unavailable)
rNeg    + . .      Spirit   .    (body armour currently unavailable)
rPois   inf        Reflect  .    (helmet currently unavailable)
rElec   .          Harm     .    (cloak currently unavailable)
rCorr   .          Rampage  .    (gloves currently unavailable)
Will    .....                    (boots currently unavailable)
Stlth   +.........               (no amulet)
HPRegen 0.10/turn                (ring currently unavailable)
MPRegen 0.09/turn                (ring currently unavailable)

@: bat-form, flying, very quick
A: fast, flying, no casting, sickness immunity, AC +4, tiny, negative energy
resistance 1, (electricity resistance), torment resistance 1, petrification
resistance
a: no special abilities


You were on level 3 of the Dungeon.
You were a bat.
You visited 1 branch of the dungeon, and saw 3 of its levels.

You collected 103 gold pieces.


Innate Abilities, Weirdness & Mutations

You are a bat.
You are tiny and dextrous.
You move quickly.
You are flying.
Your equipment is almost entirely melded.
You are incapable of wielding weapons or throwing items.
You cannot cast spells.
You are immune to sickness and miasma.
((Your stone body is resilient. (AC +4)))
You are immune to poison.
You resist negative energy. (rN+)
((You are resistant to electric shocks. (rElec)))
You are resistant to unholy torment.
You are immune to petrification.


   Skills:
 - Level 3.2 Fighting
 - Level 4.7 Axes
 - Level 3.2 Armour
 + Level 0.0 Dodging
 - Level 3.2 Shields


You had 4 spell levels left.
You didn't know any spells.
Your spell library was empty.

Inventory:

Hand Weapons
 n - a +0 whip
 Y - a +0 war axe (melded)
Armour
 a - a +0 chain mail (melded)
 c - a +0 buckler (melded)
 m - a +0 pair of boots (melded)
Scrolls
 g - a scroll of identify
Potions
 d - a potion of might
 e - a potion of flight {unknown}
 h - a potion of cancellation {unknown}
 j - a potion of degeneration {unknown}
 k - a potion of ambrosia {unknown}

Dungeon Overview and Level Annotations

Branches:
Dungeon (3/15)

Altars:

Shops:
D:1 :

Annotations:
D:2 1 runed translucent door, Crazy Yiuf
D:3 Ijyb


Message History

You hit Ijyb.
Ijyb is heavily wounded.
Ijyb closely misses you.
You hit Ijyb.
Ijyb is heavily wounded.
Ijyb hits you with a +1 dagger of venom.
You hit Ijyb but do no damage.
Ijyb is heavily wounded.
A ball python comes into view.
Ijyb hits you with a +1 dagger of venom.
You hit Ijyb.
Ijyb is severely wounded.
Ijyb barely misses you.
You hit Ijyb but do no damage.
Ijyb is severely wounded.
You hit Ijyb but do no damage.
Ijyb is severely wounded.
Ijyb barely misses you.
You hit Ijyb.
Ijyb is severely wounded.
Ijyb closely misses you.
You hit Ijyb but do no damage.
Ijyb is severely wounded.
Ijyb hits you with a +1 dagger of venom.
You barely miss Ijyb.
Ijyb is severely wounded.
Ijyb closely misses you.
You barely miss Ijyb.
Ijyb is severely wounded.
Ijyb hits you with a +1 dagger of venom.
You hit Ijyb but do no damage.
Ijyb is severely wounded.
Ijyb hits you with a +1 dagger of venom!
You hit Ijyb but do no damage.
Ijyb is severely wounded.
Ijyb barely misses you.
You hit Ijyb but do no damage.
Ijyb is severely wounded.
Ijyb hits you with a +1 dagger of venom.
You die...

.### ..# ...
..# ..# #.# ..#
#.# .. #.# #S
#.#
...###g#####)##
..)....b.....<#
.#####....##.##
####.##.#
#.##.# #....#
###.## .># ###


You could see Ijyb and a ball python.

Vanquished Creatures
  Natasha (thrice) (D:2)
  2 adders (D:2)
  3 dart slugs
  A ball python (D:1)
  2 bats (D:2)
  3 endoplasms (D:2)
  A giant cockroach (D:1)
  5 goblins
  2 hobgoblins (D:2)
  3 jackals (D:1)
  3 quokkas
  2 frilled lizards (D:1)
  4 kobolds
  2 rats (D:1)
36 creatures vanquished.

Notes
Turn   | Place    | Note
-------+----------+-------------------------------------------
     0 | D:1      | qw the Gargoyle Fighter began the quest for the Orb.
     0 | D:1      | Reached XP level 1. HP: 14/14 MP: 1/1
     0 | D:1      | 0 ||| qw: Version: 0.2-a-10-g399e6c4
     0 | D:1      | 0 ||| qw: Game counter: 238
     0 | D:1      | 0 ||| qw: Always use a shield: true
     0 | D:1      | 0 ||| qw: God list: Okawaru
     0 | D:1      | 0 ||| qw: Allow faded altars: false
     0 | D:1      | 0 ||| qw: Do Orc after D:15 true
     0 | D:1      | 0 ||| qw: Do second Lair branch before Depths: true
     0 | D:1      | 0 ||| qw: Lair rune preference: random
     0 | D:1      | 0 ||| qw: Plans: Normal, Zot:1-4, God:TSO, Crypt, Tomb,
                  | Pan, Slime:5, Hells, Abyss, Orb
     0 | D:1      | 0 ||| PLANNING D:1-11
    34 | D:1      | Reached skill level 2 in Axes
    67 | D:1      | Reached XP level 2. HP: 17/19 MP: 2/2
   270 | D:1      | Found Deuhaytz's Book Shoppe.
   711 | D:1      | 711 ||| Stepping ~*~*~tactically~*~*~ (stealth).
   712 | D:1      | 712 ||| Stepping ~*~*~tactically~*~*~ (stealth).
   749 | D:1      | 749 ||| DROPPING +0 club.
   784 | D:1      | Reached skill level 3 in Axes
   888 | D:1      | 888 ||| UPGRADING to +0 pair of boots.
   893 | D:1      | 893 ||| READING scroll labelled KIPNIR OTHYARHUTS.
   994 | D:1      | 994 ||| READING scroll labelled SEGITA OGUV.
   995 | D:1      | 995 ||| READING scroll labelled URA ONTEUGULOU.
   996 | D:1      | 996 ||| READING scroll labelled WOFEFOI IRGHONA.
  1049 | D:2      | 1049 ||| STAIRDANCE
  1061 | D:2      | 1061 ||| STAIRDANCE
  1131 | D:2      | Reached XP level 3. HP: 23/23 MP: 3/3
  1143 | D:2      | Noticed Natasha
  1151 | D:2      | HP: 2/23 [white imp/puff of frost[Natasha] (6)]
  1152 | D:2      | Killed Natasha
  1330 | D:2      | 1330 ||| Stepping ~*~*~tactically~*~*~ (stealth).
  1486 | D:2      | 1486 ||| DROPPING +1 mace of distortion.
  1607 | D:2      | Reached XP level 4. HP: 23/28 MP: 4/4
  1737 | D:2      | 1737 ||| Stepping ~*~*~tactically~*~*~ (stealth).
  1740 | D:2      | 1740 ||| Stepping ~*~*~tactically~*~*~ (stealth).
  1743 | D:2      | Reached skill level 4 in Axes
  1744 | D:2      | 1744 ||| Stepping ~*~*~tactically~*~*~ (stealth).
  1776 | D:2      | 1776 ||| Stepping ~*~*~tactically~*~*~ (stealth).
  1785 | D:2      | Noticed Natasha
  1789 | D:2      | Killed Natasha
  2270 | D:2      | Noticed Natasha
  2271 | D:2      | 2271 ||| Stepping ~*~*~tactically~*~*~ (hiding).
  2282 | D:2      | Killed Natasha
  2283 | D:2      | Reached XP level 5. HP: 32/32 MP: 5/5
  2336 | D:2      | Found a runed translucent door.
  2337 | D:2      | Noticed Crazy Yiuf
  2340 | D:2      | 2340 ||| UPGRADING to +0 chain mail.
  2350 | D:2      | 2350 ||| DROPPING +0 scale mail.
  2351 | D:2      | 2351 ||| READING scroll labelled GEMPOSHROUMM.
  2384 | D:3      | Noticed Ijyb
  2385 | D:3      | 2385 ||| Stepping ~*~*~tactically~*~*~ (hiding).
  2404 | D:3      | HP: 8/32 [Ijyb/+1 dagger of venom (5)]
  2405 | D:3      | HP: 1/32 [Ijyb/+1 dagger of venom (7)]
  2407 | D:3      | Slain by Ijyb

Levels and vault maps discovered:
D:1:      wheals_arrival_shading, layout_basic, serial_shops, shop
D:2:      layout_loops_ring, minmay_misc_feat_ornament, grunt_decor_clamped,
          uniq_natasha, uniq_crazy_yiuf_cottage
D:3:      layout_basic, dk_vineyard_1, uniq_terence, uniq_sigmund, uniq_ijyb

Skill      XL: |  1  2  3  4 |
---------------+-------------+-----
Axes           | 2 3 4 |  4.7
Fighting       | |  3.2
Armour         | |  3.2
Shields        | |  3.2

Action                   |  1- 3 |  4- 6 || total
-------------------------+-------+-------++-------
Melee: War axe           |    86 |    37 ||   123
       Unarmed           |       |    15 ||    15
  Use: Scroll            |     4 |     1 ||     5
Armor: Scale mail        |    52 |    20 ||    72
       Skin              |       |     2 ||     2
Dodge: Dodged            |    25 |    20 ||    45
Block: Buckler           |    10 |     7 ||    17

Table legend:
 A = Non-vault XP
 B = Vault XP
 C = Vault XP percentage of total XP
 D = Non-vault monster count
 E = Vault monster count
 F = Vault count percentage of total count
                 A         B        C        D         E       F
            +---------+---------+-------+---------+---------+-------
      Total |     156 |      37 |  19.2 |      35 |       1 |   2.8
            +---------+---------+-------+---------+---------+-------
        D:1 |      33 |       0 |   0.0 |      18 |       0 |   0.0
        D:2 |     121 |      37 |  23.4 |      16 |       1 |   5.9
        D:3 |       2 |       0 |   0.0 |       1 |       0 |   0.0
            +---------+---------+-------+---------+---------+-------
